 Dungeon Crawl Stone Soup version 0.28-a0-845-gfc338a8e3c (webtiles) character file.

Game seed: 17238239313169066351

9139 funkygono the Arsonist (level 11, -2/58 HPs)
             Began as a Gargoyle Fire Elementalist on Nov 12, 2021.
             Was a Believer of Vehumet.
             Slain by a komodo dragon (15 damage)
             ... on level 11 of the Dungeon.
             The game lasted 00:20:31 (13659 turns).

funkygono the Arsonist (GrFE)                      Turns: 13659, Time: 00:20:32

Health: -2/58      AC: 16    Str: 18    XL:     11   Next: 41%
Magic:  14/25      EV: 12    Int: 24    God:    Vehumet [**....]
Gold:   807        SH:  0    Dex: 10    Spells: 18/30 levels left

rFire   + . .      SeeInvis .   b - +7 whip (pain)
rCold   . . .      Faith    .   (no shield)
rNeg    + . .      Spirit   .   e - +2 robe {rF+}
rPois   ∞          Reflect  .   (no helmet)
rElec   +          Harm     .   u - +0 cloak
rCorr   .          Rampage  .   J - +1 pair of gloves "Voghaam" {Will+ Int+5}
Will    ++...                   w - +0 pair of boots
Stlth   ++........              k - amulet of the acrobat
HPRegen 0.19/turn               j - +6 ring of strength
MPRegen 0.19/turn               y - ring of willpower

@: no status effects
A: sickness immunity, AC +8, negative energy resistance 1, electricity
resistance, torment resistance 1, petrification resistance
a: Renounce Religion


You were on level 11 of the Dungeon.
You worshipped Vehumet.
Vehumet was pleased with you.
You visited 2 branches of the dungeon, and saw 12 of its levels.

You collected 807 gold pieces.

Inventory:

Hand Weapons
 b - a +7 whip of pain (weapon)
 v - a +1 whip of freezing
 C - a +1 whip of electrocution
 E - a +2 spectral quarterstaff
 F - a +1 whip of electrocution
Missiles
 d - 338 stones
Armour
 a - a +0 robe
 e - a +2 robe of fire resistance (worn)
 l - the +1 chain mail of Hoxy {SInv}
   (You found it on level 4 of the Dungeon)

   SInv:      It lets you see invisible.
 n - a +2 leather armour of poison resistance
 u - a +0 cloak (worn)
 w - a +0 pair of boots (worn)
 x - a +0 troll leather armour
 G - a scarf of shadows
 H - the +8 chain mail "Benniulide" {Str+5 SInv}
   (You found it on level 11 of the Dungeon)

   Str:       It affects your strength (+5).
   SInv:      It lets you see invisible.
 J - the +1 pair of gloves "Voghaam" (worn) {Will+ Int+5}
   (You found it on level 11 of the Dungeon)

   Int:       It affects your intelligence (+5).
   Will:      It increases your willpower.
Jewellery
 j - a +6 ring of strength (left hand)
 k - an amulet of the acrobat (around neck)
 y - a ring of willpower (right hand)
Wands
 f - a wand of paralysis (7)
 p - a wand of digging (1)
 B - a wand of flame (21)
Scrolls
 r - 3 scrolls of teleportation
 A - a scroll of amnesia
 I - a scroll of torment {unknown}
 K - 2 scrolls of identify
Potions
 c - a potion of haste
 g - 2 potions of ambrosia
 h - 3 potions of brilliance
 i - 5 potions of curing
 m - a potion of mutation
 o - a potion of might
 q - a potion of invisibility
 s - a potion of heal wounds
 t - a potion of attraction
 z - a potion of flight {unknown}
 L - a potion of cancellation {unknown}
Miscellaneous
 D - a condenser vane


   Skills:
 + Level 2.5 Fighting
 + Level 2.3 Maces & Flails
 + Level 3.1 Dodging
 - Level 2.1 Stealth
 + Level 10.2 Spellcasting
 + Level 8.5 Conjurations
 + Level 10.8 Fire Magic


You had 18 spell levels left.
You knew the following spells:

 Your Spells              Type           Power      Damage    Failure   Level
a - Foxfire               Conj/Fire      100%       2x1d9     1%          1
b - Scorch                Fire           100%       2d10      1%          2
c - Conjure Flame         Conj/Fire      56%        6-21      1%          3
d - Flame Wave            Conj/Fire      56%        3d10      1%          4
e - Searing Ray           Conj           100%       2d8       1%          2

Your spell library contained the following spells:

 Spells                   Type           Power      Damage    Failure   Level
 Inner Flame              Hex/Fire       38%        N/A       1%          3
 Apportation              Tloc           24%        N/A       5%          1
 Summon Small Mammal      Summ           48%        N/A       5%          1
 Passwall                 Tmut/Erth      10%        N/A       8%          2
 Call Canine Familiar     Summ           12%        N/A       16%         3
 Summon Guardian Golem    Hex/Summ       12%        N/A       16%         3
 Swiftness                Air            12%        N/A       16%         3
 Animate Armour           Summ/Erth      24%        N/A       45%         4
 Iron Shot                Conj/Erth      16%        9d4       80%         6
 Alistair's Intoxication  Tmut/Pois      8%         N/A       82%         5
 Blade Hands              Tmut           6%         N/A       82%         5


Dungeon Overview and Level Annotations

Branches:
Dungeon (11/15)            Temple (1/1) D:7             Orc (0/2) D:10
   Lair: D:8-11

Altars:
Ashenzari
Cheibriados
Dithmenos
Elyvilon
Fedhas
Gozag
Hepliaklqana
Kikubaaqudgha
Makhleb
Nemelex Xobeh
Okawaru
Qazlal
Ru
Sif Muna
Trog
Uskayaw
Vehumet
Wu Jian
Xom
Yredelemnul
Zin
The Shining One

Shops:
D:1 (

Annotations:
D:4 1 runed translucent door, Zgarb's ghost, weakling OpDe


Innate Abilities, Weirdness & Mutations

You are immune to sickness and miasma.
Your stone body is resilient. (AC +8)
You are immune to poison.
You resist negative energy. (rN+)
You are resistant to electric shocks. (rElec)
You are resistant to unholy torment.
You are immune to petrification.


Message History

The komodo dragon is severely wounded.
The searing ray hits the komodo dragon.
The komodo dragon is moderately wounded. (Press . to maintain the ray.)
The komodo dragon bites you!
The searing ray hits the komodo dragon.
The komodo dragon is severely wounded.
The komodo dragon barely misses you. The komodo dragon bites you!
The searing ray hits the komodo dragon!
The komodo dragon is almost dead.
The komodo dragon completely misses you.
The komodo dragon barely misses you.
Casting: Searing Ray (safe; 1% risk of failure)
Confirm with . or Enter, or press ? or * to list all spells.
You conjure some foxfire!
The komodo dragon bites you but does no damage.
The komodo dragon closely misses you.
Casting: Foxfire (safe; 1% risk of failure)
Confirm with . or Enter, or press ? or * to list all spells.
Flames lash the komodo dragon.
You kill the komodo dragon!
Vehumet accepts your kill.
You feel your power returning.
The foxfire hits the komodo dragon!
The komodo dragon is heavily wounded.
The foxfire hits the komodo dragon.
The komodo dragon is severely wounded.
The komodo dragon bites you!!
* * * LOW HITPOINT WARNING * * *
Casting: Scorch (safe; 1% risk of failure)
Confirm with . or Enter, or press ? or * to list all spells.
You conjure some foxfire!
The komodo dragon bites you but does no damage.
The foxfire hits the komodo dragon.
The komodo dragon is severely wounded.
The foxfire hits the komodo dragon.
The komodo dragon is almost dead.
Casting: Foxfire (safe; 1% risk of failure)
Confirm with . or Enter, or press ? or * to list all spells.
You conjure some foxfire!
The komodo dragon bites you!
You die...

##### #### #
#####.#.####..#### #(#
##.........###.#..# .. ##
##....###....v.v.#.##.#....
###..####
#.....@l....(.....# ...###
##.###.#........... ####
### ##.#.......... #
..####...#.... ###
#.##...#. ### .###
######### # ........#
........#


You could see a komodo dragon (ally target).

Vanquished Creatures
  3 two-headed ogres
  A manticore (D:10)
  An ugly thing (D:10)
  An unseen horror (D:6)
  A komodo dragon (D:11)
  3 trolls
  A hornet (D:10)
  A wraith (D:11)
  A wyvern (D:11)
  2 basilisks (D:11)
  A steam dragon (D:8)
  A two-headed ogre zombie (D:10)
  Duvessa (D:4)
  2 water moccasins
  3 orc warriors (D:9)
  A swamp drake (D:11)
  A black bear (D:4)
  3 centaurs
  2 ogres (D:5)
  3 phantoms (D:10)
  A gnoll sergeant (D:6)
  3 bullfrogs
  2 kobold brigands
  2 scorpions (D:6)
  Dowan (D:4)
  A wyvern skeleton (D:7)
  2 troll zombies (D:10)
  6 killer bees
  8 wights
  6 centaur zombies
  A centaur skeleton (D:6)
  3 orc priests
  3 hounds
  4 iguanas
  11 orc wizards
  Natasha (thrice) (D:2)
  2 killer bee zombies
  5 ogre zombies (D:10)
  A hound zombie (D:5)
  6 gnolls
  8 adders
  A white imp (D:7)
  4 ufetubi
  21 orcs
  5 ball pythons
  3 bats
  5 endoplasms
  5 giant cockroaches
  8 goblins
  4 hobgoblins
  8 jackals
  A quokka (D:1)
  5 frilled lizards
  A goblin skeleton (D:10)
  4 goblin zombies (D:10)
  4 hobgoblin zombies (D:10)
  15 kobolds
  3 orc skeletons (D:10)
  13 orc zombies (D:10)
  4 rats
226 creatures vanquished.

Vanquished Creatures (others)
  889 foxfires
889 creatures vanquished.

Grand Total: 1115 creatures vanquished

Notes
Turn   | Place    | Note
-------+----------+-------------------------------------------
     0 | D:1      | funkygono the Gargoyle Fire Elementalist began the quest
                  | for the Orb.
     0 | D:1      | Reached XP level 1. HP: 10/10 MP: 3/3
   152 | D:1      | Reached XP level 2. HP: 15/15 MP: 0/5
   286 | D:1      | Learned a level 2 spell: Scorch
   455 | D:1      | Found Danoap's Antique Weapon Shoppe.
   556 | D:1      | Found a faded altar of an unknown god.
   857 | D:1      | Reached XP level 3. HP: 19/19 MP: 4/6
   861 | D:1      | Learned a level 3 spell: Conjure Flame
  1307 | D:2      | Noticed Natasha
  1310 | D:2      | Killed Natasha
  1311 | D:2      | Reached XP level 4. HP: 11/24 MP: 2/7
  1681 | D:2      | Noticed Natasha
  1686 | D:2      | Killed Natasha
  2250 | D:2      | Noticed Natasha
  2254 | D:2      | Killed Natasha
  2255 | D:2      | Reached XP level 5. HP: 28/28 MP: 3/9
  2546 | D:3      | You fall into a shaft and drop 3 floors!
  2633 | D:5      | Entered Level 5 of the Dungeon
  2689 | D:5      | Reached XP level 6. HP: 32/32 MP: 6/11
  2695 | D:5      | Learned a level 4 spell: Flame Wave
  3051 | D:4      | Identified the +1 chain mail of Hoxy {SInv}
  4296 | D:4      | Found a runed translucent door.
  4300 | D:4      | Noticed Duvessa
  4300 | D:4      | Noticed Dowan
  4301 | D:4      | Noticed Zgarb's ghost (weakling OpDe)
  4321 | D:4      | Killed Duvessa
  4322 | D:4      | Reached skill level 5 in Fire Magic
  4322 | D:4      | Reached XP level 7. HP: 11/36 MP: 4/13
  4359 | D:4      | Killed Dowan
  5318 | D:5      | Reached skill level 5 in Spellcasting
  5419 | D:5      | Reached XP level 8. HP: 13/42 MP: 7/15
  6031 | D:5      | Found a sacrificial altar of Ru.
  6031 | D:5      | Found an ancient bone altar of Kikubaaqudgha.
  6039 | D:5      | Found a faded altar of an unknown god.
  6041 | D:5      | Found an iron altar of Okawaru.
  6043 | D:5      | Found a shadowy altar of Dithmenos.
  6272 | D:6      | Found a hazy altar of Hepliaklqana.
  6545 | D:6      | Killed an unseen horror
  6546 | D:6      | Reached skill level 5 in Conjurations
  7047 | D:6      | Reached skill level 1 in Fighting
  7132 | D:6      | Found a shimmering altar of Xom.
  7439 | D:6      | Identified the +7 rapier of Grontol {vorpal, Str+2}
  7728 | D:7      | Reached XP level 9. HP: 47/47 MP: 12/18
  7818 | D:7      | Reached skill level 1 in Maces & Flails
  8062 | D:7      | Found a staircase to the Ecumenical Temple.
  8070 | Temple   | Entered the Ecumenical Temple
  8141 | Temple   | Became a worshipper of Vehumet
  9472 | D:9      | Noticed a troll
  9476 | D:9      | Killed a troll
  9490 | D:9      | Reached * piety under Vehumet
  9490 | D:9      | Offered knowledge of Freeze by Vehumet.
  9741 | D:9      | Reached XP level 10. HP: 52/52 MP: 17/22
 10837 | D:10     | Entered Level 10 of the Dungeon
 10846 | D:10     | Found a staircase to the Orcish Mines.
 10925 | D:10     | Noticed a manticore
 10931 | D:10     | Killed a manticore
 11050 | D:10     | Noticed a two-headed ogre
 11057 | D:10     | Killed a two-headed ogre
 11427 | D:10     | Offered knowledge of Searing Ray by Vehumet.
 11428 | D:10     | Reached ** piety under Vehumet
 12323 | D:11     | Noticed a white ugly thing
 12323 | D:11     | Noticed a two-headed ogre
 12334 | D:10     | Killed a white ugly thing
 12335 | D:10     | Reached skill level 10 in Fire Magic
 12335 | D:10     | Reached XP level 11. HP: 29/58 MP: 12/24
 12488 | D:10     | Learned a level 2 spell: Searing Ray
 12549 | D:11     | Killed a two-headed ogre
 12625 | D:11     | Noticed a two-headed ogre
 12634 | D:11     | Killed a two-headed ogre
 12664 | D:11     | Identified the +8 chain mail "Benniulide" {Str+5 SInv}
 12698 | D:11     | Reached skill level 10 in Spellcasting
 12727 | D:11     | Identified the +1 pair of gloves "Voghaam" {Will+ Int+5}
 13659 | D:11     | Slain by a komodo dragon

Illustrated notes

Levels and vault maps discovered:
D:1:      minmay_arrival_radiant_lines, layout_loops_ring, serial_shops,
          shop_statue, hellmonk_ecumenical_altar_inner_sanctum,
          corexii_hall_statues_s
D:2:      layout_basic, uniq_natasha
D:3:      layout_basic, minmay_box_of_dots
D:4:      layout_basic, serial_glass, glass_columns_c, glass_columns_a,
          ebering_ghost_reflecting_pool, chequers_serial_rivers_micro_a,
          uniq_duvessa
D:5:      layout_loops_ring, chequers_temple_overflow_minitemple,
          minmay_misc_feat_more_columns, grunt_ministairs_13
D:6:      layout_basic, mainiacjoe_overflow_cross_hatched, amcnicky_altar_gilded
D:7:      layout_rooms, minmay_temple_entry_ruins
D:8:      layout_loops_ring, kennysheep_generic_room_12
D:9:      layout_small_grid, hangedman_abyss_or_decor_lesser_grid,
          kennysheep_generic_room_14
D:10:     layout_basic, zombieorc2_lemuel
D:11:     layout_gridville, erik_lair_dragon
Temple:   eino_temple_rhombus

Skill      XL: |  1  2  3  4  5  6  7  8  9 10 11 |
---------------+----------------------------------+-----
Fire Magic     | 4 5 7 8 10 | 10.8
Conjurations   | 2 3 4 5 6 8 |  8.5
Dodging        | 2 3 |  3.1
Spellcasting   | 3 4 5 6 8 9 10 | 10.2
Fighting       | 1 2 |  2.5
Maces & Flails | 1 2 |  2.3
Stealth        | |  2.1

Action                   |  1- 3 |  4- 6 |  7- 9 | 10-12 || total
-------------------------+-------+-------+-------+-------++-------
Melee: Unarmed           |    30 |       |       |       ||    30
       Whip              |     7 |    19 |    29 |    20 ||    75
 Cast: Foxfire           |    30 |   104 |   215 |   170 ||   519
       Scorch            |     4 |     7 |    18 |    32 ||    61
       Flame Wave        |       |       |     5 |     6 ||    11
       Searing Ray       |       |       |       |     2 ||     2
       Conjure Flame     |       |       |       |     1 ||     1
  Use: Scroll            |     1 |       |    14 |     3 ||    18
       Potion            |       |       |     4 |       ||     4
Armor: Robe              |    21 |    11 |    52 |    47 ||   131
Dodge: Dodged            |    37 |    24 |    79 |    65 ||   205

Table legend: (Time is in decaauts)
 A = Elapsed time spent in this place.
 B = Non-inter-level travel time spent in this place.
 C = Inter-level travel time spent in this place.
 D = Time resting spent in this place.
 E = Time spent auto-exploring this place.
 F = Levels seen in this place.
 G = Mean time per level.
                   A        B        C        D        E       F      G
               +--------+--------+--------+--------+--------+-----+--------+
         Total |  13665 |  13279 |    386 |    966 |  10375 |  12 | 1138.8 |
       Dungeon |  13478 |  13111 |    367 |    966 |  10227 |  11 | 1225.3 |
        Temple |    186 |    168 |     18 |      0 |    148 |   1 |  186.0 |
               +--------+--------+--------+--------+--------+-----+--------+

Top non-repeatable levels by time:
    D:10: 1696 daAuts
     D:5: 1533 daAuts
     D:6: 1532 daAuts
     D:9: 1442 daAuts
     D:4: 1275 daAuts
     D:2: 1234 daAuts
    D:11: 1126 daAuts
     D:1: 1097 daAuts
     D:3: 1056 daAuts
     D:8: 887 daAuts
     D:7: 598 daAuts
  Temple: 186 daAuts
